 Dungeon Crawl Stone Soup version 0.27-a0-1136-g0b992a5a9d (webtiles) character file.

Game seed: 4474510934880046440

11300 HoaS the Grappler (level 11, -16/97 HPs)
             Began as a Ghoul Gladiator on Apr 30, 2021.
             Was a Follower of Wu Jian.
             Demolished by a boulder beetle (41 damage)
             ... on level 10 of the Dungeon on May 5, 2021.
             The game lasted 00:32:00 (11739 turns).

HoaS the Grappler (Ghoul Gladiator)                Turns: 11739, Time: 00:32:00

Health: -16/97     AC: 26    Str: 20    XL:     11   Next: 75%
Magic:  10/10      EV:  8    Int:  3    God:    Wu Jian [*.....]
Gold:   583        SH:  5    Dex: 15    Spells: 10/10 levels left

rFire    . . .     SeeInvis .     - Unarmed
rCold    + . .     Faith    .   (no shield)
rNeg     + + +     Spirit   .   p - +1 plate armour
rPois    ∞         Reflect  +   b - +1 helmet
rElec    .         Harm     .   g - +1 cloak
rCorr    .         Rampage  .   k - +0 pair of fencer's gloves {Riposte Dex+3}
Will     .....                  r - +1 pair of boots
Stlth    ..........             d - amulet of reflection
HPRegen  0.00/turn              C - ring of flight
MPRegen  0.12/turn              D - +4 ring of protection

@: flying
A: claws 1, cold resistance 1, negative energy resistance 3, inhibited
regeneration, torment resistance 2, unbreathing 1
a: Renounce Religion


You were on level 10 of the Dungeon.
You worshipped Wu Jian.
Wu Jian was aware of your devotion.
You visited 2 branches of the dungeon, and saw 12 of its levels.

You collected 1103 gold pieces.
You spent 520 gold pieces at shops.

Inventory:

Missiles
 j - 155 poisoned darts (quivered)
 o - 8 boomerangs of dispersal
 q - 15 curare-tipped darts
 u - 6 silver javelins
Armour
 b - a +1 helmet (worn)
 g - a +1 cloak (worn)
 k - the +0 pair of fencer's gloves (worn) {Riposte Dex+3}
   (You bought it in a shop on level 2 of the Dungeon)

   It affects your dexterity (+3).
 p - a +1 plate armour (worn)
 r - a +1 pair of boots (worn)
Jewellery
 d - an amulet of reflection (around neck)
 m - a ring of protection from fire
 w - a ring of ice
 C - a ring of flight (left hand)
 D - a +4 ring of protection (right hand)
Wands
 e - a wand of polymorph (14)
 v - a wand of iceblast (7)
 y - a wand of flame (8)
Scrolls
 f - 4 scrolls of fog
 s - a scroll of magic mapping
 t - 3 scrolls of teleportation
 A - a scroll of fear
 B - 2 scrolls of blinking
Potions
 a - 2 potions of flight
 c - 2 potions of ambrosia
 h - 2 potions of curing
 n - 2 potions of attraction
 x - a potion of haste


   Skills:
 * Level 9.3 Fighting
 + Level 6.3 Throwing
 + Level 6.4 Armour
 + Level 6.4 Dodging
 * Level 12.7 Unarmed Combat


You had 10 spell levels left.
You didn't know any spells.
Your spell library contained the following spells:

 Spells                   Type           Power      Damage    Failure   Level
 Animate Skeleton         Necr           0%         N/A       100%        1
 Foxfire                  Conj/Fire      0%         2x1d4     100%        1
 Magic Dart               Conj           0%         1d3       100%        1
 Pain                     Necr           0%         1d4       100%        1
 Sandblast                Erth           0%         2d4       100%        1
 Shock                    Conj/Air       0%         1d3       100%        1
 Blink                    Tloc           N/A        N/A       100%        2
 Call Imp                 Summ           0%         N/A       100%        2
 Passwall                 Tmut/Erth      0%         N/A       100%        2
 Slow                     Hex            0%         N/A       100%        2
 Static Discharge         Conj/Air       0%         N/A       100%        2
 Conjure Flame            Conj/Fire      0%         6-21      100%        3
 Ignite Poison            Fire/Tmut/Pois 0%         N/A       100%        3
 Inner Flame              Hex/Fire       0%         N/A       100%        3
 Mephitic Cloud           Conj/Pois/Air  0%         N/A       100%        3
 Stone Arrow              Conj/Erth      0%         3d7       100%        3
 Swiftness                Air            0%         N/A       100%        3
 Vampiric Draining        Necr           0%         2d6       100%        3
 Airstrike                Air            0%         N/A       100%        4
 Animate Dead             Necr           0%         N/A       100%        4
 Petrify                  Tmut/Erth      0%         N/A       100%        4
 Sticky Flame             Conj/Fire      0%         2d3       100%        4
 Agony                    Necr           0%         N/A       100%        5
 Fireball                 Conj/Fire      0%         3d3       100%        5
 Lee's Rapid Deconstruct  Erth           0%         3d5*      100%        5
 Lightning Bolt           Conj/Air       0%         1d11      100%        5
 Starburst                Conj/Fire      0%         8x6d3     100%        6
 Ignition                 Fire           0%         3d3       100%        8
 Beastly Appendage        Tmut           Unusable   N/A       N/A         1
 Wereblood                Tmut           Unusable   N/A       N/A         2
 Spider Form              Tmut/Pois      Unusable   N/A       N/A         3
 Ice Form                 Ice/Tmut       Unusable   N/A       N/A         4
 Hydra Form               Tmut           Unusable   N/A       N/A         5

Dungeon Overview and Level Annotations

Branches:
Dungeon (11/15)            Temple (1/1) D:6             Orc (0/2) D:9
   Lair: D:8-11

Altars:
Ashenzari
Cheibriados
Dithmenos
Elyvilon
Fedhas
Gozag
Hepliaklqana
Kikubaaqudgha
Makhleb
Nemelex Xobeh
Okawaru
Qazlal
Ru
Sif Muna
Trog
Uskayaw
Vehumet
Wu Jian
Xom
Yredelemnul
Zin
The Shining One

Shops:
D:2 [


Innate Abilities, Weirdness & Mutations

You thrive by killing the living.
You are immune to poison.
You have sharp fingernails.
Your flesh is cold resistant. (rC+)
You are immune to negative energy. (rN+++)
You do not regenerate when monsters are visible.
You are immune to unholy pain and torment.
You can survive without breathing.


Message History

The boulder beetle is heavily wounded.
The boulder beetle bites you! You block the manticore's attack.
The manticore claws you. The manticore barely misses you.
You pummel the boulder beetle!!
You punch the boulder beetle, but do no damage.
The boulder beetle is severely wounded.
You carefully extract the barbed spikes from your body.
The boulder beetle barely misses you. The manticore bites you!
* * * LOW HITPOINT WARNING * * *
The manticore claws you but does no damage.
The manticore completely misses you.
You hit the boulder beetle but do no damage.
The boulder beetle is severely wounded.
The boulder beetle leaps!
The manticore bites you but does no damage.
You block the manticore's attack.
The manticore claws you but does no damage.
You spin and attack the manticore repeatedly.
You punch the manticore!
The manticore is moderately wounded.
You barely miss the manticore.
The manticore is moderately wounded.
The boulder beetle curls into a ball and begins rolling!
You block the manticore's attack.
The manticore claws you but does no damage. x2
You spin and attack the manticore.
You punch the manticore!
The manticore is severely wounded.
The manticore barely misses you. You block the manticore's attack.
The manticore claws you but does no damage.
You punch the manticore!
The manticore is almost dead.
You punch the manticore!
You kill the manticore!
The Council accepts your kill.
You feel better.
You feel better.
You hit the boulder beetle.
The boulder beetle is severely wounded.
The boulder beetle hits you!!!
You die...

.........# #.########..# #.#
.........# #.# #..# #.#
^.####...# #.# #..# #.# ..#
#...# #.# #..#####.# ..# #...#
#.########........# ..#
#...####...........####..# ..#
#..................# #..# ..#
#..................# #..# #.#
#..........@B......# #..# #.#
#..####......°.....# #..# #.#
#..# #....>..°....# #..#
#.####..####........°...####..#
#<...................°........#
#....).........!..............#
...###........................#
...# #..####............####..#
#..# #..# #............# #..#


You could see a boulder beetle (rolling).

Vanquished Creatures
  A hydra (D:11)
  A two-headed ogre (D:10)
  A boulder beetle (D:11)
  Urug (D:10)
  Sonja (D:10)
  A manticore (D:10)
  2 centaur zombies
  A gargoyle (D:11)
  A yaktaur (D:8)
  3 trolls
  A hornet (D:10)
  Sigmund (D:2)
  7 yaks
  2 acid dragons
  2 water moccasins
  3 orc warriors
  A sky beast (D:8)
  2 ice beasts
  4 ogres
  A black bear (D:7)
  2 necrophages
  6 centaurs
  Blork the orc (D:5)
  A kobold brigand (D:6)
  A bullfrog (D:5)
  A gnoll sergeant (D:7)
  3 scorpions (D:4)
  A wyvern zombie (D:7)
  A wyvern skeleton (D:6)
  A water moccasin skeleton (D:5)
  The ghost of Killmatronix the Shooter, a weakling DgHu (D:3)
  5 killer bees
  5 howler monkeys
  5 wights
  A bullfrog zombie (D:6)
  2 hounds
  2 lava snakes (D:8)
  A bullfrog skeleton (D:7)
  2 gnoll shamans
  Crazy Yiuf (D:2)
  An orc priest (D:8)
  2 centaur skeletons
  Jessica (D:2)
  3 iguanas
  Ijyb (D:4)
  3 orc wizards
  A killer bee zombie (D:6)
  Robin (D:1)
  A howler monkey zombie (D:8)
  16 gnolls
  A howler monkey skeleton (D:7)
  5 adders
  4 shadow imps
  5 white imps
  2 ufetubi (D:5)
  3 worms (D:2)
  A dart slug (D:1)
  17 orcs
  4 ball pythons
  5 bats
  4 endoplasms
  5 giant cockroaches
  11 goblins
  6 hobgoblins
  3 jackals (D:3)
  11 kobolds
  3 quokkas
  2 frilled lizards (D:2)
  5 rats
207 creatures vanquished.

Vanquished Creatures (others)
  An unseen horror (D:11)
1 creature vanquished.

Grand Total: 208 creatures vanquished

Notes
Turn   | Place    | Note
-------+----------+-------------------------------------------
     0 | D:1      | HoaS the Ghoul Gladiator began the quest for the Orb.
     0 | D:1      | Reached XP level 1. HP: 17/17 MP: 0/0
    28 | D:1      | Reached XP level 2. HP: 20/24 MP: 1/1
    98 | D:1      | Reached skill level 4 in Unarmed Combat
   522 | D:1      | Reached XP level 3. HP: 26/29 MP: 2/2
  1007 | D:2      | Noticed Jessica
  1017 | D:2      | Killed Jessica
  1018 | D:2      | Reached skill level 5 in Unarmed Combat
  1018 | D:2      | Reached XP level 4. HP: 36/36 MP: 3/3
  1018 | D:2      | Noticed Robin
  1163 | D:1      | Killed Robin
  1345 | D:2      | Noticed Sigmund
  1354 | D:2      | Killed Sigmund
  1355 | D:2      | Reached skill level 7 in Unarmed Combat
  1355 | D:2      | Reached XP level 5. HP: 7/41 MP: 4/4
  1355 | D:2      | Reached XP level 6. HP: 9/48 MP: 5/5
  1875 | D:2      | Found Toylid's Armour Shoppe.
  1926 | D:2      | Found a runed translucent door.
  1927 | D:2      | Noticed Crazy Yiuf
  2038 | D:2      | Killed Crazy Yiuf
  2246 | D:3      | Identified a scroll of acquirement
  2246 | D:3      | Acquired 549 gold pieces
  2304 | D:2      | Bought the +0 pair of fencer's gloves {Riposte Dex+3} for
                  | 520 gold pieces
  2304 | D:2      | Found the +0 pair of fencer's gloves {Riposte Dex+3}
  2382 | D:3      | Found a transporter.
  2386 | D:3      | Noticed Killmatronix's ghost (weakling DgHu)
  2634 | D:3      | Found a transporter.
  2763 | D:4      | Reached skill level 8 in Unarmed Combat
  2775 | D:4      | Identified the +6 battleaxe of Upheaval {elec, rElec rC+
                  | rN+ Str-4}
  3156 | D:4      | Reached XP level 7. HP: 55/55 MP: 6/6
  3286 | D:5      | Entered Level 5 of the Dungeon
  3379 | D:5      | Reached skill level 9 in Unarmed Combat
  3526 | D:5      | Noticed Ijyb
  3571 | D:4      | Reached skill level 1 in Armour
  3753 | D:4      | Reached XP level 8. HP: 56/63 MP: 5/7
  3778 | D:4      | Killed Ijyb
  3961 | D:5      | Found an opulent altar of Gozag.
  4081 | D:5      | Found a shimmering blue altar of Sif Muna.
  4411 | D:6      | Noticed Blork the orc
  4537 | D:5      | Killed Blork the orc
  5368 | D:5      | Reached XP level 9. HP: 57/71 MP: 8/8
  5533 | D:6      | Reached skill level 10 in Unarmed Combat
  5971 | D:6      | Found a staircase to the Ecumenical Temple.
  6674 | D:3      | Killed Killmatronix's ghost
  6680 | D:3      | Reached skill level 5 in Fighting
  6791 | D:7      | Found a hide-covered altar of Uskayaw.
  6791 | D:7      | Noticed a +0 dagger
  6791 | D:7      | Noticed a +0 hand axe
  7737 | Temple   | Entered the Ecumenical Temple
  7915 | Temple   | Became a worshipper of the Wu Jian Council
  8051 | D:8      | Reached XP level 10. HP: 81/83 MP: 9/9
  8184 | D:8      | Reached skill level 11 in Unarmed Combat
  8200 | D:8      | Found a sacrificial altar of Ru.
  8420 | D:8      | Reached skill level 5 in Armour
  8420 | D:8      | Reached skill level 5 in Dodging
  8428 | D:8      | Reached skill level 5 in Throwing
  8786 | D:9      | Reached * piety under Wu Jian
  9352 | D:9      | Found a staircase to the Orcish Mines.
  9620 | D:10     | Entered Level 10 of the Dungeon
  9620 | D:10     | Noticed Sonja
  9624 | D:9      | Upgraded the game from 0.27-a0-1105-g946c659c87 to
                  | 0.27-a0-1136-g0b992a5a9d
  9645 | D:10     | Killed Sonja
  9880 | D:10     | Noticed a two-headed ogre
  9928 | D:10     | Killed a two-headed ogre
  9929 | D:10     | Reached skill level 12 in Unarmed Combat
  9929 | D:10     | Reached XP level 11. HP: 56/94 MP: 6/10
 10160 | D:10     | Noticed Urug
 10173 | D:10     | Killed Urug
 10618 | D:11     | Noticed a boulder beetle
 10628 | D:11     | Killed a boulder beetle
 10870 | D:11     | Noticed an eight-headed hydra
 10882 | D:11     | Killed an eight-headed hydra
 11328 | D:11     | Identified the +5 shortbow of Irhoc {freeze, rF+}
 11352 | D:11     | Noticed a boulder beetle
 11689 | D:11     | Noticed a manticore
 11689 | D:11     | Noticed a two-headed ogre
 11737 | D:10     | Killed a manticore
 11739 | D:10     | Demolished by a boulder beetle

Illustrated notes

Levels and vault maps discovered:
D:1:      minmay_arrival_diagonal_passages, layout_basic, st_stairs_10
D:2:      layout_loops_ring, serial_shops, shop, uniq_sigmund, uniq_jessica,
          uniq_crazy_yiuf_cottage, uniq_robin
D:3:      layout_rooms, gammafunk_ghost_smash
D:4:      layout_loops_cross
D:5:      layout_cave_pools, chequers_temple_overflow_statue_of_worship,
          serial_bayou_pond_e, corexii_shack, uniq_ijyb
D:6:      layout_rooms, minmay_temple_entry_hall, hangedman_glass_teeth,
          amcnicky_mini_rare_corridor_liquid, minmay_bent, uniq_blork_the_orc
D:7:      layout_loops_corners, dancing_weapons_uskayaw
D:8:      layout_rooms, amcnicky_altar_gilded, kennysheep_island_fort
D:9:      layout_cave_pools, orc_0_dummy
D:10:     layout_small_grid, serial_park_tiny_1, uniq_sonja, uniq_urug
D:11:     layout_loops_corners, dpeg_lair_monsters, roderic_roman_lattice,
          minmay_joined_circles
Temple:   regret_index_temple_mists

Skill      XL: |  1  2  3  4  5  6  7  8  9 10 11 |
---------------+----------------------------------+-----
Unarmed Combat | 4 5 7 8 9 10 12 | 12.7
Dodging        | 3 4 5 6 |  6.4
Armour         | 3 4 5 6 |  6.4
Fighting       | 3 4 5 8 9 |  9.3
Throwing       | 2 3 4 5 6 |  6.3

Action                   |  1- 3 |  4- 6 |  7- 9 | 10-12 || total
-------------------------+-------+-------+-------+-------++-------
Melee: Unarmed           |    82 |   141 |   355 |   275 ||   853
       Punch             |       |     3 |    13 |    16 ||    32
Throw: Throwing net      |       |     3 |     3 |     1 ||     7
       Dart              |       |       |       |    65 ||    65
Invok: Lunge             |       |       |     1 |     9 ||    10
       Whirlwind         |       |       |       |     6 ||     6
  Use: Scroll            |     3 |     6 |     8 |    12 ||    29
       Potion            |       |       |     1 |     5 ||     6
 Stab: Held in net/web   |       |     1 |     3 |     2 ||     6
Armor: Leather armour    |    14 |       |       |       ||    14
       Scale mail        |     6 |    54 |   131 |       ||   191
       Plate armour      |       |       |    66 |   235 ||   301
Dodge: Dodged            |    44 |    61 |   202 |   104 ||   411
Block: Other             |       |       |       |    23 ||    23
       Reflection        |       |       |       |     1 ||     1
       Rpst.: Unarmed    |       |     5 |    50 |    21 ||    76

Table legend: (Time is in decaauts)
 A = Elapsed time spent in this place.
 B = Non-inter-level travel time spent in this place.
 C = Inter-level travel time spent in this place.
 D = Time resting spent in this place.
 E = Time spent auto-exploring this place.
 F = Levels seen in this place.
 G = Mean time per level.
                   A        B        C        D        E       F      G
               +--------+--------+--------+--------+--------+-----+--------+
         Total |  11632 |  10758 |    874 |   3255 |   5463 |  12 |  969.3 |
       Dungeon |  11383 |  10552 |    831 |   3255 |   5259 |  11 | 1034.8 |
        Temple |    249 |    206 |     43 |      0 |    204 |   1 |  249.0 |
               +--------+--------+--------+--------+--------+-----+--------+

Top non-repeatable levels by time:
     D:5: 1456 daAuts
     D:6: 1376 daAuts
     D:2: 1334 daAuts
    D:11: 1319 daAuts
     D:4: 1044 daAuts
     D:8: 984 daAuts
     D:7: 907 daAuts
     D:1: 872 daAuts
    D:10: 732 daAuts
     D:3: 683 daAuts
     D:9: 673 daAuts
  Temple: 249 daAuts
